 Dungeon Crawl Stone Soup version 0.28.0 (webtiles) character file.

Game seed: 3693928225681518441

53 Razor13 the Skirmisher (level 3, -3/29 HPs)
             Began as a Demonspawn Abyssal Knight on Feb 5, 2022.
             Was a Follower of Lugonu.
             Slain by a gnoll (9 damage)
             ... on level 2 of the Dungeon.
             The game lasted 00:10:19 (2133 turns).

Razor13 the Skirmisher (Demonspawn Abyssal Knight)  Turns: 2133, Time: 00:10:20

Health: -3/29      AC:  3    Str: 15    XL:     3   Next: 64%
Magic:  5/5        EV: 11    Int: 11    God:    Lugonu [*.....]
Gold:   26         SH:  0    Dex: 13    Spells: 2/2 levels left

rFire   . . .      SeeInvis .   e - +3 whip
rCold   . . .      Faith    .   (no shield)
rNeg    . . .      Spirit   .   b - +0 leather armour
rPois   .          Reflect  .   (helmet restricted)
rElec   .          Harm     .   (no cloak)
rCorr   .          Rampage  .   (no gloves)
Will    .....                   (no boots)
Stlth   +.........              (no amulet)
HPRegen 0.09/turn               (no ring)
MPRegen 0.09/turn               (no ring)

@: no status effects
A: ignite blood 1, beak, wild magic 1
a: Renounce Religion, Depart the Abyss


You were on level 2 of the Dungeon.
You worshipped Lugonu.
Lugonu was aware of your devotion.
You visited 1 branch of the dungeon, and saw 2 of its levels.
You visited the Abyss 1 time.

You collected 26 gold pieces.

Inventory:

Hand Weapons
 a - a +1 mace
 e - a +3 whip (weapon)
Missiles
 f - 12 poisoned darts (quivered)
Armour
 b - a +0 leather armour (worn)
Scrolls
 g - a scroll of teleportation
 h - a scroll of torment {unknown}
Potions
 c - a potion of curing
 d - a potion of flight
 i - a potion of lignification {unknown}


   Skills:
 + Level 3.4 Fighting
 + Level 2.2 Maces & Flails
 + Level 2.2 Armour
 + Level 1.6 Dodging
 + Level 3.2 Invocations


You had 2 spell levels left.
You didn't know any spells.
Your spell library was empty.

Dungeon Overview and Level Annotations

Branches:
Dungeon (2/15)

Altars:


Innate Abilities, Weirdness & Mutations

Your demonic aura sometimes causes spilled blood to erupt in flames.
You have a beak for a mouth.
Your spells are a little harder to cast, but a little more powerful.


Message History

i - a white potion You start resting.
HP restored.
Found a leather armour.
Found a scale mail.
The gnoll shouts!
Press: ? - help, v - describe, . - travel
Here: a gnoll, wielding a +0 flail The floor.
The gnoll completely misses you.
A gnoll comes into view. It is wielding a +0 whip of holy wrath.
You closely miss the gnoll.
The gnoll shouts!
You punch the gnoll.
The gnoll is lightly wounded.
The gnoll hits you with a +0 flail!
You hit the gnoll.
The gnoll is lightly wounded.
The gnoll hits you with a +0 flail.
You completely miss the gnoll. Your peck misses the gnoll.
The gnoll is lightly wounded.
The gnoll hits you with a +0 flail.
You hit the gnoll.
The gnoll is heavily wounded.
The gnoll is engulfed in blazing flames.
You kill the gnoll!
Lugonu accepts your kill.
You barely miss the gnoll. Your peck misses the gnoll.
The gnoll hits you with a +0 whip of holy wrath.
You convulse.
You hit the gnoll.
The gnoll is moderately wounded.
The gnoll hits you with a +0 whip of holy wrath.
* * * LOW HITPOINT WARNING * * *
You convulse.
* * * LOW HITPOINT WARNING * * *
You hit the gnoll. You peck the gnoll.
The gnoll is severely wounded.
The gnoll hits you with a +0 whip of holy wrath!
You die...

##.## #.# ##...##
#.# #.....#
#.####### #....(#
#.......# #..>..#
#######.# ##...##
#.# ##.## #.# #>#
#.# ###.# #@#
....# #g# ....#
#.# #...# ######.#
....#######......#
..........#.######
##..#####.#.#
##..# #.# #..# #.#


You could see a gnoll.

Vanquished Creatures
  2 gnolls
  2 worms (D:2)
  2 dart slugs (D:2)
  3 endoplasms (D:1)
  A giant cockroach (D:1)
  A goblin (D:1)
  5 hobgoblins
  2 kobolds (D:1)
  4 ball pythons (D:2)
  A bat (D:2)
  A rat (D:2)
24 creatures vanquished.

Vanquished Creatures (others)
  10 plants (D:2)
10 creatures vanquished.

Grand Total: 34 creatures vanquished

Notes
Turn   | Place    | Note
-------+----------+-------------------------------------------
     0 | Abyss:1  | Razor13 the Demonspawn Abyssal Knight began the quest for
                  | the Orb.
     0 | Abyss:1  | Reached XP level 1. HP: 18/18 MP: 2/2
    10 | Abyss:1  | Found a corrupted altar of Lugonu.
    49 | D:1      | Escaped the Abyss
   138 | D:1      | Reached skill level 1 in Dodging
   394 | D:1      | Gained mutation: You have a beak for a mouth. [potion of
                  | mutation]
   394 | D:1      | Gained mutation: Your spells are a little harder to cast,
                  | but a little more powerful. [potion of mutation]
   437 | D:1      | Reached * piety under Lugonu
   438 | D:1      | Gained mutation: Your demonic aura sometimes causes spilled
                  | blood to erupt in flames. [demonic ancestry]
   438 | D:1      | Reached XP level 2. HP: 21/24 MP: 4/4
  1359 | D:2      | Reached XP level 3. HP: 18/29 MP: 5/5
  1687 | D:2      | Noticed a black bear
  2133 | D:2      | Slain by a gnoll

Illustrated notes

Levels and vault maps discovered:
D:1:      lemuel_arrival_behind_the_door_small, layout_loops_ring
D:2:      layout_loops_ring, serial_bayou_lagoon_b

Skill      XL: |  1  2  3 |
---------------+----------+-----
Dodging        | 1 |  1.6
Maces & Flails | 2 |  2.2
Armour         | 2 |  2.2
Invocations    | 3 |  3.2
Fighting       | |  3.4

Action                   || total
-------------------------++-------
Melee: Mace              ||    17
       Whip              ||    73
       Peck              ||    13
       Punch             ||     2
Throw: Dart              ||     3
Invok: Depart the Abyss  ||     1
  Use: Scroll            ||     4
       Potion            ||     1
Armor: Leather armour    ||    10
Dodge: Dodged            ||    44
